 Dungeon Crawl Stone Soup version 0.31-a0-1236-gaa9e43cceb (webtiles) character file.

Game seed: 13915689259526640532

30 MacCMillion the Shield-Bearer (level 3, -2/31 HPs)
             Began as a Minotaur Fighter on Dec 15, 2023.
             Slain by a gnoll
             ... wielding a +0 whip
              (4 damage)
             ... on level 2 of the Dungeon.
             The game lasted 00:00:46 (703 turns).

MacCMillion the Shield-Bearer (Minotaur Fighter)     Turns: 703, Time: 00:00:47

Health: -2/31      AC:  6    Str: 22    XL:     3   Next: 3%
Magic:  2/2        EV:  9    Int:  5    God:
Gold:   50         SH:  4    Dex:  9    Spells: 2/2 levels left

rFire   . . .        a - +0 war axe
rCold   . . .        c - +0 buckler
rNeg    . . .        b - +0 scale mail
rPois   .            (helmet restricted)
rElec   .            (no cloak)
rCorr   .            (no gloves)
SInv    .            (no boots)
Will    .....        (no amulet) Stlth
                     (no ring)
HPRegen 0.25/turn    (no ring)
MPRegen 0.08/turn

%: no passive effects
@: no status effects
A: horns 2, retaliatory headbutt
a: no special abilities


You were on level 2 of the Dungeon.
You visited 1 branch of the dungeon, and saw 2 of its levels.

You collected 50 gold pieces.

Inventory:

Hand Weapons
 a - a +0 war axe (weapon)
Armour
 b - a +0 scale mail (worn)
 c - a +0 buckler (worn)
Jewellery
 e - a ring of fire
Scrolls
 f - a scroll of vulnerability {unknown}
 g - 2 scrolls of enchant armour {unknown}
 h - 2 scrolls of identify {unknown}
Potions
 d - a potion of might


   Skills:
 - Level 3.6 Fighting
 + Level 4.0 Axes
 - Level 3.6 Armour
 - Level 4.0 Shields


You had 2 spell levels left.
You didn't know any spells.
Your spell library contained the following spells:

 Spells                   Type           Power      Damage    Failure   Level
 Tukima's Dance           Hex            0%         N/A       99%         3
 Passage of Golubria      Tloc           0%         N/A       100%        4
 Yara's Violent Unravell  Hex/Tmut       0%         3d3       100%        5


Dungeon Overview and Level Annotations

Branches:
Dungeon (2/15)

Altars:


Innate Abilities, Weirdness & Mutations

You have a pair of horns on your head.
You reflexively headbutt those who attack you in melee.


Message History

A gnoll comes into view. It is wielding a +0 whip.
The gnoll shouts!
A gnoll comes into view. It is wielding a +0 flail.
The gnoll shouts!
You barely miss the adder. Your headbutt misses the adder.
The adder barely misses you. You block the gnoll's attack.
The adder closely misses you.
You closely miss the adder. The adder bites you but does no damage.
The gnoll hits you from afar with a +0 halberd.
You miss the adder. You headbutt the adder.
The adder is moderately wounded.
The adder closely misses you. You furiously retaliate!
You headbutt the adder!
You kill the adder!
The gnoll closely misses you.
A giant cockroach zombie comes into view.
The gnoll hits you with a +0 whip. The gnoll closely misses you.
Your Axes skill increases to level 4!
You have reached level 3!
Your experience leads to an increase in your attributes!
Increase (S)trength, (I)ntelligence, or (D)exterity?
You feel stronger. x2
You closely miss the gnoll.
The gnoll hits you but does no damage. x2
You barely miss the gnoll. You headbutt the gnoll.
The gnoll is heavily wounded.
You slash the gnoll! The gnoll closely misses you. The gnoll barely misses you.
The gnoll barely misses you. You furiously retaliate!
You headbutt the gnoll. The gnoll hits you with a +0 halberd!
* * * LOW HITPOINT WARNING * * *
The gnoll hits you with a +0 whip.
* * * LOW HITPOINT WARNING * * *
You see here an adder corpse.
You slash the gnoll!
The gnoll is almost dead.
You closely miss the gnoll. You hit the gnoll.
The gnoll hits you but does no damage. The gnoll barely misses you.
The gnoll hits you with a +0 whip.
* * * LOW HITPOINT WARNING * * *
The giant cockroach zombie bites you but does no damage.
The gnoll hits you with a +0 whip.
You die...

######### #..(....# #
####.#####.#
#.#.####.##.# #.#
#....#g..#.#####.###
#..g@.....##......#
#..Zg........##.#.#
#....#.##.#####.#.###
.....###.##.#####.#....
..###. #.##.......#.###
# #. #+##########.### .
#.... . ##.##. ##.....


You could see 3 gnolls and a giant cockroach zombie.

Vanquished Creatures
  An adder (D:2)
  A bat skeleton (D:2)
  An endoplasm (D:1)
  2 giant cockroaches
  3 hobgoblins (D:1)
  3 kobolds
  A quokka (D:2)
  A ball python (D:1)
  2 bats (D:1)
  A frilled lizard (D:1)
  A quokka skeleton (D:2)
  4 rats
21 creatures vanquished.

Notes
Turn   | Place    | Note
-------+----------+-------------------------------------------
     0 | D:1      | MacCMillion the Minotaur Fighter began the quest for the
                  | Orb.
     0 | D:1      | Reached XP level 1. HP: 19/19 MP: 0/0
   137 | D:1      | Reached XP level 2. HP: 26/26 MP: 1/1
   700 | D:2      | Reached XP level 3. HP: 19/31 MP: 2/2
   703 | D:2      | Slain by a gnoll

Illustrated notes

Levels and vault maps discovered:
D:1:      dpeg_arrival_refuge, layout_loops_ring, chequers_serial_rivers_small_a
D:2:      layout_loops_corners, serial_undead, serial_undead_a, serial_undead_d,
          serial_undead_b, serial_undead_e, basic_altar

Skill      XL: |  1  2 |
---------------+-------+-----
Axes           | 3 4 |  4.0
Shields        | 4 |  4.0
Fighting       | |  3.6
Armour         | |  3.6

Action                     || total
---------------------------++-------
  Melee: War axe           ||    38
         Headbutt          ||     8
 Armour: Scale mail        ||    24
  Dodge: Dodged            ||    28
  Block: Buckler           ||    10

Table legend: (Time is in decaauts)
 A = Elapsed time spent in this place.
 B = Non-inter-level travel time spent in this place.
 C = Inter-level travel time spent in this place.
 D = Time resting spent in this place.
 E = Time spent auto-exploring this place.
 F = Levels seen in this place.
 G = Mean time per level.
                   A        B        C        D        E       F      G
               +--------+--------+--------+--------+--------+-----+--------+
         Total |    718 |    704 |     14 |      0 |    593 |   2 |  359.0 |
       Dungeon |    718 |    704 |     14 |      0 |    593 |   2 |  359.0 |
               +--------+--------+--------+--------+--------+-----+--------+

Top non-repeatable levels by time:
     D:1: 518 daAuts
     D:2: 200 daAuts
